General information
- name: BNet
- type: Ladder team game (AT/RT)
- host: Battle.net
- saver: TastyManCarpet
map: Slalom
- players: 8
- length: 83:35
- speed: Fast
- version: 1.21 W3XP
- replay type: Public
» download(620 KB)
Players
team 1 (loser)
antanitis (
yellow | 48 APM | 4006 actions | 83:32)
5 Tauren Chieftain
3 Shockwave
2 Endurance Aura
4 Shadow Hunter
2 Healing Wave
2 Hex
» actions
| Assign group hotkey | 2 | |
| Basic commands | 163 | |
| Build / train | 125 | |
| Enter build submenu | 45 | |
| Enter hero's abilities submenu | 10 | |
| Give item / drop item | 18 | |
| Remove unit from queue | 3 | |
| Right click | 2094 | |
| Select / deselect | 1190 | |
| Select group hotkey | 2 | |
| Use ability | 353 | |
4006 total
» units
| Peon | 32 | |
| Grunt | 4 | |
| Kodo Beast | 3 | |
| Shaman | 3 | |
| Troll Witch Doctor | 6 | |
| Demolisher | 2 | |
| Troll Batrider | 12 | |
62 total
» upgrades
| Armor | 3 | |
| Melee Weapons | 1 | |
| Berserker Strength | 1 | |
| Shaman Training | 2 | |
| War Drums Damage Increase | 1 | |
| Witch Doctor Training | 2 | |
| Spirit Walker Training | 1 | |
| Reinforced Defenses | 1 | |
| Ranged Weapons | 3 | |
| Burning Oil | 1 | |
| Spiked Barricades | 3 | |
| Troll Regeneration | 1 | |
20 total
» buildings
| Orc Burrow | 11 | |
| Altar of Storms | 2 | |
| Barracks | 4 | |
| War Mill | 2 | |
| Stronghold | 1 | |
| Spirit Lodge | 1 | |
| Fortress | 1 | |
| Beastiary | 1 | |
| Voodoo Lounge | 6 | |
| Watch Tower | 39 | |
| Great Hall | 3 | |
| Spirit Tower | 1 | |
72 total
» build order
00:06 Orc Burrow
00:36 Altar of Storms
01:00 Barracks
01:58 Orc Burrow
02:18 War Mill
03:00 Stronghold
04:27 Orc Burrow
05:32 Spirit Lodge
06:34 Fortress
08:53 Beastiary
09:13 Voodoo Lounge
09:20 Voodoo Lounge
10:21 Orc Burrow
11:29 Voodoo Lounge
17:08 Barracks
17:09 Barracks
17:11 Barracks
17:16 Orc Burrow
17:17 Orc Burrow
17:19 Orc Burrow
17:26 Orc Burrow
17:31 Orc Burrow
18:58 Watch Tower
22:17 Great Hall
22:29 Watch Tower
22:30 Watch Tower
22:30 Watch Tower
22:31 Watch Tower
22:32 Watch Tower
22:33 Watch Tower
22:34 Watch Tower
22:35 Watch Tower
22:36 Watch Tower
23:33 War Mill
24:17 Voodoo Lounge
24:22 Orc Burrow
25:42 Great Hall
27:54 Watch Tower
27:55 Watch Tower
27:56 Watch Tower
27:56 Watch Tower
30:19 Voodoo Lounge
33:00 Orc Burrow
33:11 Spirit Tower
34:18 Great Hall
39:39 Watch Tower
39:40 Watch Tower
51:59 Watch Tower
52:00 Watch Tower
52:01 Watch Tower
52:29 Watch Tower
52:29 Watch Tower
52:32 Watch Tower
52:35 Watch Tower
52:35 Watch Tower
52:37 Watch Tower
57:19 Watch Tower
57:20 Watch Tower
57:23 Voodoo Lounge
57:34 Watch Tower
57:41 Watch Tower
59:24 Watch Tower
59:29 Watch Tower
60:34 Watch Tower
65:25 Watch Tower
65:26 Watch Tower
74:57 Watch Tower
74:58 Watch Tower
74:59 Watch Tower
75:03 Watch Tower
75:04 Watch Tower
82:01 Altar of Storms
» items
| Orb of Lightning | 2 | |
| Lesser Clarity Potion | 6 | |
| Potion of Healing | 1 | |
| Potion of Mana | 2 | |
| Boots of Speed | 1 | |
| Potion of Lesser Invulnerability | 2 | |
| Healing Salve | 1 | |
| Tiny Great Hall | 1 | |
| Scroll of Town Portal | 9 | |
25 total
GiNa. (
blue | 54 APM | 1246 actions | 22:58)
3 Death Knight
2 Death Coil
1 Unholy Aura
3 Lich
2 Frost Nova
1 Frost Armor
2 Crypt Lord
1 Carrion Beetles
1 Impale
» actions
| Assign group hotkey | 33 | |
| Basic commands | 10 | |
| Build / train | 60 | |
| Enter build submenu | 20 | |
| Enter hero's abilities submenu | 8 | |
| Give item / drop item | 3 | |
| Right click | 763 | |
| Select / deselect | 204 | |
| Select group hotkey | 88 | |
| Use ability | 57 | |
1246 total
» units
| Acolyte | 11 | |
| Ghoul | 5 | |
| Crypt Fiend | 10 | |
| Frost Wyrm | 5 | |
31 total
» upgrades
| Web | 1 | |
| Freezing Breath | 1 | |
| Creature Attack | 3 | |
| Creature Carapace | 2 | |
7 total
» buildings
| Crypt | 1 | |
| Ziggurat | 9 | |
| Graveyard | 1 | |
| Altar of Darkness | 1 | |
| Tomb of Relics | 1 | |
| Halls of the Dead | 1 | |
| Black Citadel | 1 | |
| Sacrificial Pit | 1 | |
| Boneyard | 3 | |
| Spirit Tower | 2 | |
21 total
» build order
00:11 Crypt
00:14 Ziggurat
00:44 Graveyard
01:10 Altar of Darkness
01:26 Tomb of Relics
02:17 Ziggurat
04:50 Ziggurat
05:35 Halls of the Dead
06:26 Ziggurat
06:28 Ziggurat
06:31 Ziggurat
07:51 Ziggurat
07:54 Ziggurat
07:58 Black Citadel
08:17 Sacrificial Pit
09:40 Ziggurat
10:27 Boneyard
10:30 Boneyard
11:12 Boneyard
11:32 Spirit Tower
12:11 Spirit Tower
» items
| Rod of Necromancy | 1 | |
| Orb of Corruption | 1 | |
| Scroll of Healing | 2 | |
| Potion of Healing | 1 | |
| Scroll of Town Portal | 1 | |
| Potion of Mana | 1 | |
7 total
MonkeyGlue (
purple | 88 APM | 7353 actions | 83:28)
6 Death Knight
3 Death Coil
3 Unholy Aura
4 Pandaren Brewmaster
2 Breath of Fire
2 Drunken Haze
4 Dreadlord
2 Carrion Swarm
2 Sleep
1 Crypt Lord
1 Impale
» actions
| Assign group hotkey | 27 | |
| Basic commands | 169 | |
| Build / train | 110 | |
| Enter build submenu | 32 | |
| Enter hero's abilities submenu | 16 | |
| Give item / drop item | 2 | |
| Right click | 4288 | |
| Select / deselect | 1087 | |
| Select group hotkey | 1173 | |
| Use ability | 449 | |
7353 total
» units
| Acolyte | 30 | |
| Ghoul | 6 | |
| Frost Wyrm | 8 | |
44 total
» upgrades
| Creature Attack | 4 | |
| Creature Carapace | 4 | |
| Freezing Breath | 1 | |
| Web | 1 | |
10 total
» buildings
| Crypt | 1 | |
| Ziggurat | 27 | |
| Altar of Darkness | 3 | |
| Tomb of Relics | 1 | |
| Graveyard | 1 | |
| Halls of the Dead | 1 | |
| Nerubian Tower | 7 | |
| Spirit Tower | 9 | |
| Black Citadel | 1 | |
| Sacrificial Pit | 2 | |
| Boneyard | 4 | |
| Slaughterhouse | 2 | |
| Necropolis | 1 | |
60 total
» build order
00:14 Crypt
00:19 Ziggurat
00:38 Altar of Darkness
01:06 Tomb of Relics
01:38 Graveyard
02:40 Ziggurat
05:02 Ziggurat
05:04 Ziggurat
05:25 Halls of the Dead
06:00 Nerubian Tower
06:26 Ziggurat
06:27 Ziggurat
06:29 Ziggurat
06:31 Ziggurat
06:32 Ziggurat
07:20 Nerubian Tower
07:23 Spirit Tower
07:26 Spirit Tower
07:29 Spirit Tower
07:50 Black Citadel
08:37 Sacrificial Pit
09:00 Spirit Tower
09:05 Ziggurat
10:12 Boneyard
10:13 Boneyard
10:14 Boneyard
10:48 Boneyard
16:24 Slaughterhouse
16:25 Slaughterhouse
27:00 Spirit Tower
31:12 Ziggurat
31:13 Ziggurat
31:13 Ziggurat
31:14 Ziggurat
31:16 Ziggurat
32:41 Ziggurat
32:44 Ziggurat
33:27 Spirit Tower
36:11 Nerubian Tower
36:21 Altar of Darkness
36:36 Nerubian Tower
37:31 Altar of Darkness
38:11 Spirit Tower
41:34 Ziggurat
41:34 Ziggurat
41:35 Ziggurat
41:35 Ziggurat
41:36 Ziggurat
41:37 Ziggurat
41:37 Ziggurat
42:30 Nerubian Tower
42:32 Spirit Tower
43:08 Spirit Tower
58:09 Sacrificial Pit
66:42 Necropolis
71:10 Ziggurat
71:11 Ziggurat
71:11 Ziggurat
72:03 Nerubian Tower
78:48 Nerubian Tower
» items
| Rod of Necromancy | 1 | |
| Orb of Corruption | 2 | |
| Tiny Great Hall | 1 | |
| Potion of Invisibility | 1 | |
| Scroll of Town Portal | 3 | |
| Orb of Lightning | 1 | |
| Potion of Mana | 2 | |
| Potion of Healing | 1 | |
| Boots of Speed | 2 | |
| Periapt of Vitality | 1 | |
| Circlet of Nobility | 3 | |
18 total
SMERBISIMBAlol (
green | 84 APM | 6448 actions | 77:10)
5 Death Knight
3 Death Coil
2 Unholy Aura
3 Dreadlord
2 Carrion Swarm
1 Sleep
2 Pandaren Brewmaster
1 Breath of Fire
1 Drunken Haze
1 Lich
1 Frost Armor
» actions
| Assign group hotkey | 52 | |
| Basic commands | 5 | |
| Build / train | 87 | |
| Enter build submenu | 45 | |
| Enter hero's abilities submenu | 12 | |
| Give item / drop item | 10 | |
| Remove unit from queue | 2 | |
| Right click | 3683 | |
| Select / deselect | 1154 | |
| Select group hotkey | 1179 | |
| Use ability | 219 | |
6448 total
» units
| Acolyte | 10 | |
| Ghoul | 4 | |
| Frost Wyrm | 7 | |
| Crypt Fiend | 15 | |
36 total
» upgrades
| Freezing Breath | 1 | |
| Web | 1 | |
| Creature Attack | 2 | |
| Creature Carapace | 1 | |
| Burrow | 1 | |
6 total
» buildings
| Crypt | 1 | |
| Ziggurat | 13 | |
| Altar of Darkness | 1 | |
| Tomb of Relics | 2 | |
| Halls of the Dead | 1 | |
| Graveyard | 1 | |
| Necropolis | 3 | |
| Black Citadel | 1 | |
| Spirit Tower | 4 | |
| Sacrificial Pit | 1 | |
| Boneyard | 4 | |
32 total
» build order
00:11 Crypt
00:17 Ziggurat
00:38 Altar of Darkness
01:01 Ziggurat
01:29 Tomb of Relics
01:32 Tomb of Relics
02:42 Halls of the Dead
03:19 Ziggurat
04:20 Graveyard
04:37 Necropolis
04:43 Necropolis
05:28 Black Citadel
06:13 Necropolis
06:39 Spirit Tower
06:42 Ziggurat
06:45 Sacrificial Pit
08:50 Boneyard
08:53 Boneyard
08:54 Boneyard
09:01 Ziggurat
09:02 Ziggurat
09:04 Ziggurat
09:05 Ziggurat
09:06 Ziggurat
09:12 Boneyard
10:48 Spirit Tower
19:44 Spirit Tower
21:06 Ziggurat
21:08 Ziggurat
22:50 Ziggurat
22:51 Ziggurat
25:04 Spirit Tower
» items
| Rod of Necromancy | 1 | |
| Potion of Healing | 6 | |
| Dust of Appearance | 1 | |
| Scroll of Town Portal | 9 | |
| Healing Salve | 1 | |
| Lesser Clarity Potion | 2 | |
| Potion of Mana | 2 | |
| Orb of Corruption | 1 | |
23 total
team 2 (winner)
ChiefSitsOnDix (
teal | 44 APM | 3666 actions | 83:33)
7 Blademaster
2 Wind Walk
3 Critical Strike
1 Bladestorm
1 Mirror Image
» actions
| Assign group hotkey | 46 | |
| Basic commands | 9 | |
| Build / train | 99 | |
| ESC pressed | 6 | |
| Enter build submenu | 55 | |
| Enter hero's abilities submenu | 8 | |
| Give item / drop item | 5 | |
| Remove unit from queue | 2 | |
| Right click | 1828 | |
| Select / deselect | 497 | |
| Select group hotkey | 717 | |
| Use ability | 394 | |
3666 total
» units
» upgrades
| Ranged Weapons | 4 | |
| Armor | 4 | |
| Reinforced Defenses | 1 | |
| Liquid Fire | 1 | |
| Spiked Barricades | 1 | |
| Troll Regeneration | 1 | |
12 total
» buildings
| Altar of Storms | 2 | |
| Orc Burrow | 11 | |
| War Mill | 2 | |
| Watch Tower | 61 | |
| Stronghold | 2 | |
| Voodoo Lounge | 2 | |
| Fortress | 2 | |
| Beastiary | 5 | |
| Great Hall | 2 | |
| Barracks | 2 | |
91 total
» build order
00:09 Altar of Storms
00:11 Orc Burrow
00:36 War Mill
01:57 Orc Burrow
02:08 Watch Tower
02:21 Watch Tower
02:41 Watch Tower
03:31 Watch Tower
03:34 Watch Tower
04:07 Stronghold
04:20 Voodoo Lounge
04:37 Watch Tower
06:07 Watch Tower
06:08 Watch Tower
06:29 Fortress
06:35 Beastiary
06:36 Beastiary
08:21 Great Hall
08:26 Watch Tower
08:27 Watch Tower
08:28 Watch Tower
08:28 Watch Tower
08:43 Orc Burrow
13:16 Watch Tower
13:17 Watch Tower
13:19 Watch Tower
13:20 Watch Tower
13:22 Watch Tower
13:23 Watch Tower
17:59 Orc Burrow
18:51 Watch Tower
18:53 Watch Tower
18:54 Watch Tower
20:28 Barracks
20:50 Watch Tower
20:51 Watch Tower
20:52 Watch Tower
20:54 Watch Tower
20:58 War Mill
21:00 Watch Tower
21:01 Watch Tower
21:02 Watch Tower
21:04 Watch Tower
21:05 Watch Tower
22:26 Great Hall
24:16 Watch Tower
24:20 Watch Tower
24:47 Watch Tower
25:18 Watch Tower
25:22 Watch Tower
26:39 Watch Tower
26:56 Watch Tower
28:47 Watch Tower
28:51 Watch Tower
30:35 Watch Tower
31:11 Orc Burrow
31:16 Orc Burrow
31:36 Watch Tower
31:39 Watch Tower
31:42 Watch Tower
32:47 Watch Tower
32:48 Watch Tower
32:50 Watch Tower
32:51 Watch Tower
32:52 Watch Tower
32:53 Watch Tower
33:11 Orc Burrow
33:12 Orc Burrow
34:00 Watch Tower
34:42 Stronghold
36:01 Watch Tower
36:02 Watch Tower
36:04 Watch Tower
36:05 Watch Tower
39:50 Watch Tower
39:51 Watch Tower
39:52 Watch Tower
39:53 Watch Tower
42:19 Barracks
54:08 Beastiary
54:10 Beastiary
54:12 Beastiary
57:21 Voodoo Lounge
59:24 Altar of Storms
59:37 Orc Burrow
59:39 Orc Burrow
60:45 Watch Tower
60:46 Watch Tower
60:49 Fortress
61:07 Watch Tower
63:33 Orc Burrow
» items
| Lesser Clarity Potion | 3 | |
| Healing Salve | 2 | |
| Boots of Speed | 1 | |
| Staff of Teleportation | 1 | |
| Orb of Lightning | 1 | |
| Potion of Lesser Invulnerability | 3 | |
11 total
MmMmDixSandwich (
red | 71 APM | 5973 actions | 83:33)
7 Blademaster
3 Wind Walk
3 Critical Strike
1 Bladestorm
» actions
| Assign group hotkey | 10 | |
| Basic commands | 20 | |
| Build / train | 56 | |
| ESC pressed | 8 | |
| Enter build submenu | 62 | |
| Enter hero's abilities submenu | 7 | |
| Give item / drop item | 5 | |
| Right click | 4578 | |
| Select / deselect | 420 | |
| Select group hotkey | 353 | |
| Use ability | 454 | |
5973 total
» units
» upgrades
| Ranged Weapons | 2 | |
| Armor | 1 | |
| Liquid Fire | 1 | |
| Reinforced Defenses | 1 | |
5 total
» buildings
| Altar of Storms | 2 | |
| Orc Burrow | 7 | |
| War Mill | 2 | |
| Watch Tower | 48 | |
| Stronghold | 2 | |
| Voodoo Lounge | 1 | |
| Great Hall | 2 | |
| Beastiary | 3 | |
| Fortress | 1 | |
68 total
» build order
00:11 Altar of Storms
00:24 Orc Burrow
00:40 War Mill
01:59 Watch Tower
02:08 Watch Tower
02:49 Watch Tower
02:53 Orc Burrow
03:20 Watch Tower
03:22 Watch Tower
04:27 Watch Tower
04:41 Stronghold
04:48 Orc Burrow
05:05 Watch Tower
05:10 Voodoo Lounge
05:56 Great Hall
06:14 Watch Tower
06:51 Watch Tower
06:52 Watch Tower
07:06 Watch Tower
07:09 Watch Tower
07:10 Watch Tower
07:31 Watch Tower
08:45 Watch Tower
09:08 Watch Tower
09:21 Watch Tower
09:32 Beastiary
09:40 War Mill
10:50 Watch Tower
10:55 Watch Tower
10:56 Watch Tower
11:03 Beastiary
11:18 Beastiary
11:33 Fortress
11:56 Watch Tower
13:11 Watch Tower
13:15 Watch Tower
13:16 Watch Tower
14:20 Watch Tower
15:23 Watch Tower
16:10 Watch Tower
16:15 Watch Tower
18:05 Watch Tower
18:08 Watch Tower
18:52 Watch Tower
18:53 Watch Tower
19:11 Watch Tower
20:23 Watch Tower
21:14 Watch Tower
21:15 Watch Tower
21:42 Watch Tower
21:44 Watch Tower
21:46 Watch Tower
22:56 Watch Tower
22:57 Watch Tower
23:02 Watch Tower
24:35 Watch Tower
24:37 Watch Tower
24:39 Watch Tower
24:40 Stronghold
24:53 Watch Tower
24:56 Watch Tower
25:02 Watch Tower
25:07 Orc Burrow
26:52 Orc Burrow
26:54 Orc Burrow
26:57 Orc Burrow
29:34 Great Hall
51:44 Altar of Storms
» items
| Healing Salve | 4 | |
| Boots of Speed | 1 | |
| Staff of Teleportation | 1 | |
| Lesser Clarity Potion | 1 | |
| Orb of Lightning | 1 | |
| Scroll of Town Portal | 1 | |
9 total
RichardCummings (
orange | 33 APM | 2729 actions | 83:33)
3 Archmage
2 Blizzard
1 Brilliance Aura
6 Dark Ranger
1 Black Arrow
3 Silence
1 Life Drain
1 Charm
» actions
| Basic commands | 34 | |
| Build / train | 130 | |
| Enter build submenu | 54 | |
| Enter hero's abilities submenu | 7 | |
| Give item / drop item | 2 | |
| Right click | 1890 | |
| Select / deselect | 408 | |
| Use ability | 204 | |
2729 total
» units
» upgrades
| Masonry | 3 | |
| Lumber Harvesting | 3 | |
| Magic Sentry | 1 | |
7 total
» buildings
| Altar of Kings | 2 | |
| Farm | 9 | |
| Lumber Mill | 3 | |
| Scout Tower | 122 | |
| Guard Tower | 70 | |
| Arcane Tower | 1 | |
| Arcane Vault | 2 | |
| Blacksmith | 1 | |
| Barracks | 1 | |
| Keep | 1 | |
| Castle | 1 | |
| Gryphon Aviary | 2 | |
| Arcane Sanctum | 1 | |
216 total
» build order
00:06 Altar of Kings
00:08 Farm
00:11 Lumber Mill
01:21 Farm
01:23 Scout Tower
01:24 Scout Tower
01:44 Scout Tower
01:55 Scout Tower
01:56 Scout Tower
01:57 Scout Tower
02:02 Scout Tower
02:06 Scout Tower
02:33 Scout Tower
02:35 Scout Tower
02:38 Scout Tower
02:42 Guard Tower
02:42 Guard Tower
02:42 Guard Tower
02:58 Guard Tower
03:02 Scout Tower
03:08 Scout Tower
03:26 Scout Tower
03:27 Scout Tower
03:30 Guard Tower
03:32 Guard Tower
03:49 Guard Tower
03:59 Guard Tower
04:03 Scout Tower
04:21 Guard Tower
04:31 Arcane Tower
04:59 Scout Tower
05:00 Scout Tower
05:01 Scout Tower
05:04 Scout Tower
05:05 Scout Tower
05:08 Scout Tower
05:09 Scout Tower
05:24 Guard Tower
05:27 Guard Tower
05:33 Guard Tower
05:33 Guard Tower
05:42 Guard Tower
05:42 Guard Tower
05:58 Guard Tower
06:02 Guard Tower
06:19 Guard Tower
06:29 Guard Tower
06:32 Guard Tower
06:49 Guard Tower
06:54 Scout Tower
06:55 Scout Tower
06:59 Scout Tower
07:00 Scout Tower
07:01 Scout Tower
07:02 Scout Tower
07:05 Scout Tower
07:06 Scout Tower
07:08 Scout Tower
07:18 Farm
07:25 Guard Tower
07:33 Guard Tower
07:33 Guard Tower
07:34 Guard Tower
07:49 Guard Tower
07:50 Guard Tower
07:50 Guard Tower
08:03 Guard Tower
08:14 Guard Tower
08:19 Guard Tower
08:47 Guard Tower
09:29 Farm
09:31 Arcane Vault
09:34 Blacksmith
09:37 Barracks
10:10 Keep
10:32 Scout Tower
10:34 Scout Tower
10:36 Scout Tower
10:37 Scout Tower
10:39 Scout Tower
10:41 Scout Tower
10:42 Scout Tower
10:43 Scout Tower
10:45 Scout Tower
10:47 Scout Tower
10:48 Scout Tower
10:49 Scout Tower
10:59 Arcane Vault
11:49 Scout Tower
12:25 Scout Tower
12:31 Scout Tower
13:00 Guard Tower
13:04 Scout Tower
13:08 Scout Tower
13:09 Scout Tower
13:10 Scout Tower
13:15 Scout Tower
13:16 Scout Tower
14:04 Scout Tower
14:05 Scout Tower
14:06 Scout Tower
14:14 Scout Tower
14:15 Scout Tower
14:15 Scout Tower
14:16 Scout Tower
14:17 Scout Tower
14:18 Scout Tower
14:29 Scout Tower
14:30 Scout Tower
14:31 Scout Tower
14:42 Scout Tower
14:43 Scout Tower
14:44 Scout Tower
14:47 Scout Tower
14:48 Scout Tower
14:49 Scout Tower
14:50 Scout Tower
14:55 Guard Tower
14:55 Guard Tower
14:57 Guard Tower
14:58 Guard Tower
14:58 Guard Tower
15:04 Scout Tower
15:05 Scout Tower
15:06 Scout Tower
15:09 Scout Tower
15:21 Castle
15:38 Guard Tower
15:38 Guard Tower
15:38 Guard Tower
15:53 Guard Tower
17:08 Gryphon Aviary
17:10 Gryphon Aviary
19:02 Scout Tower
19:03 Scout Tower
19:04 Scout Tower
19:06 Scout Tower
19:06 Scout Tower
19:09 Scout Tower
19:10 Scout Tower
19:12 Scout Tower
19:15 Scout Tower
19:16 Scout Tower
19:19 Scout Tower
19:20 Scout Tower
19:21 Scout Tower
19:25 Scout Tower
19:27 Scout Tower
19:28 Scout Tower
19:32 Scout Tower
19:33 Scout Tower
19:34 Scout Tower
19:35 Scout Tower
19:40 Scout Tower
19:41 Scout Tower
19:43 Scout Tower
19:47 Scout Tower
19:48 Scout Tower
19:48 Scout Tower
19:49 Scout Tower
19:50 Scout Tower
19:50 Scout Tower
19:51 Scout Tower
19:52 Scout Tower
19:53 Scout Tower
19:59 Scout Tower
20:00 Scout Tower
20:00 Scout Tower
20:01 Scout Tower
20:02 Scout Tower
20:02 Scout Tower
20:04 Scout Tower
20:04 Scout Tower
20:05 Scout Tower
20:09 Guard Tower
20:10 Guard Tower
20:10 Guard Tower
20:39 Lumber Mill
20:49 Guard Tower
20:49 Guard Tower
21:20 Guard Tower
21:20 Guard Tower
21:35 Guard Tower
21:35 Guard Tower
21:35 Guard Tower
21:49 Guard Tower
21:49 Guard Tower
22:34 Arcane Sanctum
22:43 Lumber Mill
23:17 Guard Tower
23:18 Guard Tower
47:36 Altar of Kings
47:46 Farm
47:50 Farm
48:04 Farm
48:09 Farm
48:15 Farm
48:24 Guard Tower
48:27 Guard Tower
49:11 Scout Tower
49:12 Scout Tower
49:21 Scout Tower
49:26 Scout Tower
50:04 Scout Tower
50:10 Guard Tower
50:13 Guard Tower
» items
| Orb of Fire | 1 | |
| Orb of Lightning | 2 | |
| Staff of Teleportation | 1 | |
| Boots of Speed | 1 | |
| Staff of Sanctuary | 1 | |
6 total
TastyManCarpet (
pink | 100 APM | 8336 actions | 83:35)
6 Archmage
3 Blizzard
2 Brilliance Aura
1 Mass Teleport
6 Mountain King
3 Storm Bolt
2 Bash
1 Avatar
7 Paladin
3 Holy Light
3 Divine Shield
1 Devotion Aura
1 Blademaster
1 Wind Walk
» actions
| Assign group hotkey | 13 | |
| Basic commands | 123 | |
| Build / train | 198 | |
| ESC pressed | 6 | |
| Enter build submenu | 86 | |
| Enter hero's abilities submenu | 20 | |
| Give item / drop item | 11 | |
| Remove unit from queue | 34 | |
| Right click | 3449 | |
| Select / deselect | 740 | |
| Select group hotkey | 2943 | |
| Use ability | 712 | |
8336 total
» units
| Peasant | 38 | |
| Priest | -8 | |
| Sorceress | -8 | |
| Dragonhawk Rider | 10 | |
32 total
» upgrades
| Masonry | 3 | |
| Lumber Harvesting | 1 | |
| Sorceress Training | 1 | |
| Magic Sentry | 0 | |
| Priest Training | 2 | |
| Armor | 3 | |
| Swords | 3 | |
| Animal War Training | 1 | |
| Cloud | 1 | |
15 total
» buildings
| Altar of Kings | 2 | |
| Farm | 16 | |
| Lumber Mill | 3 | |
| Scout Tower | 115 | |
| Arcane Tower | 8 | |
| Guard Tower | 53 | |
| Town Hall | 2 | |
| Keep | 6 | |
| Arcane Sanctum | 2 | |
| Arcane Vault | 4 | |
| Castle | 4 | |
| Gryphon Aviary | 2 | |
| Barracks | 1 | |
| Blacksmith | 1 | |
219 total
» build order
00:09 Altar of Kings
00:29 Farm
00:57 Farm
01:09 Lumber Mill
01:41 Scout Tower
02:00 Farm
02:09 Arcane Tower
02:09 Arcane Tower
02:11 Scout Tower
02:33 Scout Tower
02:38 Guard Tower
02:39 Scout Tower
03:50 Scout Tower
03:51 Scout Tower
03:51 Scout Tower
03:52 Guard Tower
04:42 Scout Tower
04:44 Guard Tower
04:44 Guard Tower
04:46 Scout Tower
05:00 Town Hall
05:11 Scout Tower
05:12 Guard Tower
05:12 Guard Tower
05:15 Guard Tower
05:16 Guard Tower
05:40 Keep
05:40 Keep
05:51 Scout Tower
05:52 Scout Tower
05:53 Guard Tower
05:53 Guard Tower
05:57 Scout Tower
06:42 Scout Tower
06:42 Scout Tower
06:44 Guard Tower
06:46 Scout Tower
06:47 Scout Tower
06:47 Scout Tower
06:48 Scout Tower
08:05 Arcane Sanctum
08:07 Arcane Vault
08:08 Castle
08:08 Castle
08:14 Guard Tower
08:15 Guard Tower
08:16 Scout Tower
08:16 Scout Tower
08:17 Scout Tower
08:44 Arcane Sanctum
09:21 Scout Tower
09:22 Scout Tower
09:23 Scout Tower
09:24 Guard Tower
09:25 Scout Tower
09:26 Scout Tower
09:26 Scout Tower
09:58 Arcane Vault
10:00 Scout Tower
10:01 Scout Tower
10:01 Scout Tower
10:02 Scout Tower
10:02 Scout Tower
10:03 Scout Tower
10:36 Farm
10:41 Farm
11:22 Guard Tower
11:22 Guard Tower
11:25 Scout Tower
11:25 Scout Tower
11:26 Scout Tower
12:27 Guard Tower
12:28 Guard Tower
12:31 Scout Tower
12:32 Scout Tower
12:55 Guard Tower
12:56 Scout Tower
12:56 Scout Tower
12:57 Scout Tower
12:57 Scout Tower
12:58 Scout Tower
12:58 Scout Tower
13:01 Arcane Tower
13:01 Arcane Tower
13:50 Guard Tower
13:50 Guard Tower
13:52 Scout Tower
13:53 Scout Tower
13:53 Scout Tower
13:53 Scout Tower
13:54 Scout Tower
14:13 Guard Tower
14:13 Guard Tower
14:22 Scout Tower
14:22 Scout Tower
14:23 Scout Tower
14:23 Scout Tower
14:30 Guard Tower
14:31 Arcane Tower
14:33 Scout Tower
14:33 Scout Tower
14:34 Scout Tower
14:45 Guard Tower
14:47 Scout Tower
14:50 Scout Tower
14:55 Arcane Vault
15:21 Guard Tower
15:30 Scout Tower
15:30 Scout Tower
15:31 Scout Tower
15:32 Scout Tower
16:38 Scout Tower
16:39 Scout Tower
16:39 Scout Tower
16:39 Scout Tower
16:40 Scout Tower
17:17 Guard Tower
17:18 Scout Tower
17:18 Scout Tower
17:19 Scout Tower
18:07 Guard Tower
18:07 Guard Tower
18:13 Guard Tower
18:13 Guard Tower
18:17 Scout Tower
18:19 Scout Tower
18:20 Scout Tower
18:21 Scout Tower
19:18 Guard Tower
19:24 Guard Tower
19:37 Guard Tower
19:38 Guard Tower
20:07 Guard Tower
20:08 Guard Tower
20:09 Scout Tower
20:10 Scout Tower
20:10 Scout Tower
20:10 Scout Tower
22:57 Guard Tower
23:02 Scout Tower
23:03 Scout Tower
23:03 Scout Tower
23:04 Scout Tower
23:04 Scout Tower
24:04 Guard Tower
24:05 Guard Tower
24:06 Scout Tower
24:45 Town Hall
24:47 Scout Tower
24:47 Scout Tower
24:48 Scout Tower
24:48 Scout Tower
25:57 Guard Tower
25:57 Guard Tower
25:59 Scout Tower
26:58 Lumber Mill
30:35 Scout Tower
30:35 Scout Tower
30:36 Scout Tower
30:37 Scout Tower
31:10 Altar of Kings
32:20 Farm
32:21 Farm
32:21 Farm
32:22 Farm
32:32 Farm
32:34 Farm
33:31 Keep
33:31 Keep
36:39 Castle
36:39 Castle
51:49 Arcane Vault
51:58 Lumber Mill
52:37 Arcane Tower
67:08 Gryphon Aviary
67:10 Gryphon Aviary
67:10 Farm
67:11 Farm
67:25 Scout Tower
67:26 Scout Tower
67:26 Scout Tower
67:26 Scout Tower
67:27 Scout Tower
67:27 Scout Tower
67:28 Scout Tower
67:28 Scout Tower
67:29 Scout Tower
67:55 Barracks
68:02 Blacksmith
69:29 Guard Tower
69:29 Guard Tower
70:34 Farm
70:35 Farm
70:38 Farm
» items
| Healing Salve | 1 | |
| Scroll of Speed | 1 | |
| Staff of Teleportation | 3 | |
| Boots of Speed | 4 | |
| Orb of Lightning | 3 | |
| Staff of Sanctuary | 3 | |
| Circlet of Nobility | 2 | |
| Periapt of Vitality | 2 | |
| Scroll of Town Portal | 1 | |
20 total
Chat log
(00:17 / Allies) TastyManCarpet: i go bot blah go top
(00:18 / Allies) TastyManCarpet: send now
(00:19 / Allies) TastyManCarpet: n o w
(00:20 / All) ChiefSitsOnDix: wtf are these mushrooms
(00:25 / All) TastyManCarpet: O.o
(00:33 / All) SMERBISIMBAlol: i think there tweeked trees
(00:41 / All) RichardCummings: mushrooms
(00:45 / Allies) TastyManCarpet: smerb i a guy from east iirc
(00:49 / Allies) TastyManCarpet: and wcreplays
(00:53 / Allies) ChiefSitsOnDix: smerb.com.com
(00:54 / All) GiNa.: ya
(00:56 / All) SMERBISIMBAlol: richard cummings good writer
(00:57 / All) GiNa.: im blue
(01:03 / All) SMERBISIMBAlol: o wait
(01:03 / All) GiNa.: u's in trouble
(01:04 / All) TastyManCarpet: im pink ^_*
(01:09 / All) SMERBISIMBAlol: thats E.E. CUMMINGS
(01:13 / All) ChiefSitsOnDix: I'm gay green
(01:19 / Allies) TastyManCarpet: send another guy
(01:40 / Allies) MmMmDixSandwich: kunt is such a slave driver
(01:43 / Allies) ChiefSitsOnDix: oh I should get a hero
(01:50 / Allies) MmMmDixSandwich: yeh
(02:14 / Allies) ChiefSitsOnDix: blah
(02:15 / Allies) ChiefSitsOnDix: give
(02:16 / Allies) ChiefSitsOnDix: control
(02:53 / Allies) TastyManCarpet: bia
(02:58 / Allies) MmMmDixSandwich: wat
(03:00 / Allies) TastyManCarpet: ugh
(03:11 / Allies) TastyManCarpet: no blah
(03:13 / Allies) TastyManCarpet: do urs with gob
(03:39 / Allies) TastyManCarpet: u jew
(03:59 / Allies) TastyManCarpet: u got that one
(04:00 / Allies) TastyManCarpet: i got the top one
(04:50 / Allies) TastyManCarpet: tower up and down
(04:52 / Allies) TastyManCarpet: to the very edgse
(05:02 / Allies) ChiefSitsOnDix: tower all around
(05:37 / Allies) MmMmDixSandwich: next
(07:34 / Allies) ChiefSitsOnDix: attack?
(07:54 / Allies) MmMmDixSandwich: hahahahah
(08:11 / Allies) MmMmDixSandwich: mana fountan
(08:12 / Allies) MmMmDixSandwich: dont forget
(08:22 / Allies) TastyManCarpet: tower all the way up
(08:28 / Allies) TastyManCarpet: 3 ud
(08:34 / Allies) TastyManCarpet: im going mk pally
(08:37 / Allies) TastyManCarpet: need to creep alot
(09:01 / Allies) RichardCummings: lil gold
(09:04 / Allies) RichardCummings: here
(09:17 / Allies) ChiefSitsOnDix: focus hero
(10:49 / Allies) ChiefSitsOnDix: what
(11:05 / Allies) TastyManCarpet: low hp panda
(11:12 / Allies) ChiefSitsOnDix: where
(11:16 / Allies) TastyManCarpet: runnin aaway
(12:03 / Allies) TastyManCarpet: thats bad lmao
(12:12 / Allies) TastyManCarpet: spread out towers more and keep a few arcanes at front
(12:20 / Allies) TastyManCarpet: blah get a dr and silence them before they get close enough to do that
(12:37 / Allies) TastyManCarpet: and tech
(12:40 / Allies) TastyManCarpet: get masonry 3
(13:31 / Allies) TastyManCarpet: bats?]
(13:56 / Allies) TastyManCarpet: in the furute
(14:00 / Allies) TastyManCarpet: crawl forward with towers
(14:05 / Allies) TastyManCarpet: dont nbuild them so far in frnot of the first line
(14:10 / Allies) TastyManCarpet: those were way too exposed and now they are dead noob
(15:24 / Allies) TastyManCarpet: somone can expo here
(16:19 / Allies) TastyManCarpet: yes?
(16:26 / Allies) TastyManCarpet: i need lvls on my heroess
(16:31 / Allies) TastyManCarpet: that wouldnt have died if u built towers like i did
(16:55 / Allies) TastyManCarpet: idk what u think i can do about this
(17:11 / Allies) TastyManCarpet: ps
(17:12 / Allies) TastyManCarpet: MORE TOWERS
(17:32 / Allies) TastyManCarpet: n lots of bats sitting here
(17:34 / Allies) TastyManCarpet: so they cant rush us
(18:00 / Allies) TastyManCarpet: MORE
(18:01 / Allies) TastyManCarpet: TOWERS
(18:52 / Allies) TastyManCarpet: im not going 2 be able to do shit either i got like 300 ms
(19:08 / Allies) TastyManCarpet: 400*
(20:10 / Allies) TastyManCarpet: epxo here
(20:11 / Allies) TastyManCarpet: someone
(20:17 / Allies) RichardCummings: ping
(21:17 / Allies) ChiefSitsOnDix: cool
(21:23 / Allies) TastyManCarpet: hahahahahah
(21:31 / Allies) TastyManCarpet: i told u to tower all the way up
(21:42 / Allies) ChiefSitsOnDix: how did the fiends get there
(21:52 / Allies) TastyManCarpet: OH
(21:55 / Allies) TastyManCarpet: he went thru ww
(21:59 / Allies) TastyManCarpet: because u didnt get fucking sentry
(22:00 / Allies) TastyManCarpet: nice job
(22:16 / Allies) TastyManCarpet: kill this now
(22:23 / Allies) TastyManCarpet: now they got a shade in here for forever probobly
(22:26 / Allies) TastyManCarpet: cool
(22:58 / Allies) TastyManCarpet: umm why is there a main here then
(22:59 / All) TastyManCarpet: GG
(24:27 / Allies) ChiefSitsOnDix: can we build more towers up here
(24:28 / Allies) ChiefSitsOnDix: guarding my expo
(26:13 / All) SMERBISIMBAlol: i love tower walls
(26:15 / All) SMERBISIMBAlol: great games
(26:17 / All) TastyManCarpet: aye
(26:22 / All) ChiefSitsOnDix: smerb.com.com
(26:29 / All) SMERBISIMBAlol: there only fun when PEOPLE ACTUALLY KNOW HOW TO DO THEM
(26:36 / All) TastyManCarpet: yeah i got some noobs on my team
(26:37 / All) ChiefSitsOnDix: oh burn
(26:43 / All) TastyManCarpet: but u are still going 2 lose so..
(26:54 / All) SMERBISIMBAlol: you didnt even have your expos crept let aloe expos to begin with?
(27:03 / All) TastyManCarpet: ?
(27:08 / All) ChiefSitsOnDix: we got expos
(27:11 / All) TastyManCarpet: i gurantee ie xpoed as fast as u did if not faster
(27:23 / Allies) TastyManCarpet: we are going 2 have to get these
(27:40 / Allies) TastyManCarpet: lets fight this teal
(27:41 / Allies) TastyManCarpet: wait for me
(27:46 / Allies) TastyManCarpet: fiends first
(28:33 / Allies) ChiefSitsOnDix: t.t
(28:50 / Allies) TastyManCarpet: all go
(29:31 / Allies) TastyManCarpet: scan it
(30:10 / Allies) TastyManCarpet: tahts
(30:13 / Allies) TastyManCarpet: really bad
(30:19 / Allies) TastyManCarpet: lol
(30:58 / Allies) TastyManCarpet: well maybe we dont lmao
(32:09 / Allies) TastyManCarpet: cancel it
(32:12 / Allies) TastyManCarpet: they going 2 kill it right now anuywaysw
(33:21 / Allies) TastyManCarpet: kill off their mains imo
(33:25 / Allies) TastyManCarpet: make them waste tps or lose mains
(33:48 / Allies) TastyManCarpet: thank
(33:55 / Allies) TastyManCarpet: k
(33:58 / Allies) TastyManCarpet: u got him now
(34:16 / Allies) TastyManCarpet: gg
(34:18 / Allies) TastyManCarpet: god
(34:48 / Allies) TastyManCarpet: imma bolt any panda
(34:50 / Allies) TastyManCarpet: that cums
(34:55 / Allies) TastyManCarpet: stay invis
(35:01 / Allies) ChiefSitsOnDix: k
(36:56 / Allies) TastyManCarpet: wow
(36:56 / Allies) TastyManCarpet: blah
(37:01 / Allies) TastyManCarpet: how did u not finish ur main
(37:11 / Allies) RichardCummings: you took it from me
(37:16 / Allies) TastyManCarpet: ...
(37:21 / Allies) ChiefSitsOnDix: what
(37:24 / Allies) RichardCummings: er
(37:27 / Allies) RichardCummings: they took it form me
(37:28 / Allies) RichardCummings: from
(37:32 / Allies) TastyManCarpet: no
(37:34 / Allies) TastyManCarpet: u had 4 on gold
(37:36 / Allies) TastyManCarpet: for a long time i bet
(37:44 / Allies) ChiefSitsOnDix: thats how the pros do it
(37:59 / Allies) TastyManCarpet: coool
(38:21 / Allies) TastyManCarpet: lmao
(38:22 / Allies) TastyManCarpet: all over
(40:36 / Allies) ChiefSitsOnDix: thats a shitload of demos
(40:54 / Allies) TastyManCarpet: i have huge lag
(43:28 / Allies) TastyManCarpet: gonnd need help here
(43:33 / Allies) MmMmDixSandwich: heal me
(43:33 / Allies) MmMmDixSandwich: bm
(43:53 / Allies) TastyManCarpet: gob
(43:54 / Allies) TastyManCarpet: u have had
(43:55 / Allies) TastyManCarpet: 20 minutes
(43:57 / Allies) TastyManCarpet: to rebuild to bats
(43:58 / Allies) TastyManCarpet: wtf
(44:11 / Allies) ChiefSitsOnDix: I got some
(44:49 / Allies) TastyManCarpet: then
(44:51 / Allies) TastyManCarpet: nvm, ill do it
(45:27 / Allies) TastyManCarpet: what shit
(46:47 / Allies) TastyManCarpet: almost 5/5 mk pally
(47:02 / Allies) TastyManCarpet: wheres ur dr
(47:08 / Allies) RichardCummings: all dead
(47:11 / Allies) RichardCummings: god
(47:18 / Allies) TastyManCarpet: you ahve workers
(47:24 / Allies) RichardCummings: to do what
(47:30 / Allies) TastyManCarpet: make an altar and 2 farms?
(47:34 / Allies) TastyManCarpet: charm would be kinda nice u think?
(48:43 / Allies) ChiefSitsOnDix: what to bstorm
(48:54 / Allies) MmMmDixSandwich: expos
(48:55 / Allies) MmMmDixSandwich: imo
(49:18 / Allies) ChiefSitsOnDix: whered my bats go
(49:20 / Allies) ChiefSitsOnDix: you use them?
(49:44 / Allies) TastyManCarpet: ..
(49:48 / Allies) TastyManCarpet: .5 secs from getting shade
(50:41 / Allies) RichardCummings: dr almost 5
(50:57 / Allies) ChiefSitsOnDix: charm can win this for us
(51:01 / Allies) MmMmDixSandwich: yeh
(51:17 / Allies) MmMmDixSandwich: i think we're ok.
(51:20 / Allies) TastyManCarpet: yeah prob
(51:27 / Allies) TastyManCarpet: i got alot of gold but need wood if im gonnamake more towers
(51:42 / Allies) TastyManCarpet: but my heroes rule so w/e
(53:16 / Allies) TastyManCarpet: imma try to kill this fukken shade
(53:23 / All) TastyManCarpet: nice
(54:35 / Allies) TastyManCarpet: bstorm that shit
(55:08 / Allies) TastyManCarpet: get the panda k??
(55:09 / Allies) TastyManCarpet: ill bolt
(55:20 / Allies) TastyManCarpet: if ica n get to him
(56:14 / Allies) TastyManCarpet: nbm
(56:16 / Allies) TastyManCarpet: panda
(56:18 / Allies) TastyManCarpet: ready
(56:24 / Allies) TastyManCarpet: ugh
(57:22 / All) TastyManCarpet: need mana
(58:06 / Allies) ChiefSitsOnDix: no shades?
(58:11 / Allies) MmMmDixSandwich: guess not
(58:14 / Allies) ChiefSitsOnDix: god if we win this
(58:14 / Allies) TastyManCarpet: i killed the olne they had
(58:27 / Allies) TastyManCarpet: i told them wthey
(59:05 / Allies) ChiefSitsOnDix: o
(59:06 / Allies) TastyManCarpet: nub
(59:42 / All) MmMmDixSandwich: git r dun
(59:46 / Allies) TastyManCarpet: haghah
(59:48 / All) RichardCummings: yee ahww
(59:59 / Allies) ChiefSitsOnDix: why did you get a fire orb on dr
(61:03 / Allies) MmMmDixSandwich: gw
(61:38 / Allies) MmMmDixSandwich: haha
(62:11 / All) TastyManCarpet: is that tower really worth repairing
(62:20 / All) TastyManCarpet: i mean u already lost a hero a worker and a demo over it
(63:41 / Allies) TastyManCarpet: they got shades again welp\
(63:54 / Allies) TastyManCarpet: do they even have armies
(63:58 / Allies) TastyManCarpet: imo blades go finish their bases off
(64:04 / Allies) TastyManCarpet: make them split up so i can kill some shit
(64:07 / Allies) TastyManCarpet: u got 12 bats
(64:20 / Allies) MmMmDixSandwich: lets go get their mains gob
(64:22 / Allies) MmMmDixSandwich: with tyour bats
(65:07 / Allies) MmMmDixSandwich: i'll tank this
(65:09 / Allies) TastyManCarpet: chances are they will get another big army this game
(65:18 / Allies) TastyManCarpet: wait
(65:19 / Allies) TastyManCarpet: send dr
(65:23 / Allies) TastyManCarpet: dr go with them for exp
(65:34 / Allies) MmMmDixSandwich: send back to heal
(66:12 / Allies) ChiefSitsOnDix: this much aoe really sucks longterm for towers
(66:20 / Allies) MmMmDixSandwich: rly
(66:20 / Allies) TastyManCarpet: of course it does
(66:42 / Allies) TastyManCarpet: the problem is all teh wyrms
(66:48 / Allies) MmMmDixSandwich: hawks
(66:54 / Allies) ChiefSitsOnDix: fiends
(67:02 / Allies) MmMmDixSandwich: he is killing those
(67:37 / Allies) TastyManCarpet: i cant control all my heroes and hawks vs that tbqh
(67:43 / Allies) TastyManCarpet: their nuke is too easy to pick off shit
(67:46 / Allies) MmMmDixSandwich: borrowing your bats
(67:47 / Allies) TastyManCarpet: bia u get to use hawks
(67:49 / Allies) ChiefSitsOnDix: send dr
(67:50 / Allies) TastyManCarpet: once i get them
(67:58 / Allies) ChiefSitsOnDix: blah tp to bia
(68:42 / Allies) ChiefSitsOnDix: wow that was close
(71:02 / Allies) TastyManCarpet: come heal bia imo
(71:31 / Allies) MmMmDixSandwich: kunt give blah 150 for a tp staff
(72:23 / Allies) MmMmDixSandwich: can we just cide the dragons
(72:48 / Allies) TastyManCarpet: if they are done mining then ok
(73:57 / Allies) MmMmDixSandwich: heal tia
(73:59 / Allies) TastyManCarpet: want 6 on this dude
(74:13 / Allies) ChiefSitsOnDix: which?
(74:39 / All) TastyManCarpet: LOL
(75:10 / Allies) MmMmDixSandwich: brb coffee
(75:17 / Allies) ChiefSitsOnDix: they still have sight of some form
(75:46 / Allies) ChiefSitsOnDix: shade
(76:00 / Allies) TastyManCarpet: outta scan tt
(76:04 / Allies) ChiefSitsOnDix: hahahaha thats so gay
(76:09 / Allies) TastyManCarpet: pally
(76:13 / Allies) ChiefSitsOnDix: here let me be invulnerable for 45 seconds
(76:16 / Allies) TastyManCarpet: invulnerable 45 hahaha
(76:17 / Allies) ChiefSitsOnDix: with a 300 damage nuke
(77:10 / All) TastyManCarpet: lmao.
(77:12 / All) TastyManCarpet: bye noobs
(77:16 / All) ChiefSitsOnDix: 2ez
(77:27 / All) MmMmDixSandwich: you guys teach us the proper way to tower :D
(77:43 / All) ChiefSitsOnDix: hey do you guys know of a good place to upload replays
(77:46 / All) TastyManCarpet: proper way to tower: mass ud and let opponent get 6/6/6 hu
(79:02 / Allies) TastyManCarpet: bstorm his altar\
(79:32 / Allies) TastyManCarpet: yelow altar
(80:42 / Allies) ChiefSitsOnDix: with mana I can bstorm
(81:10 / All) TastyManCarpet: hello
(81:18 / All) MmMmDixSandwich: how to tower
(81:19 / Allies) TastyManCarpet: blah get a hu staff
(81:23 / Allies) TastyManCarpet: so u can charm and staff it away
(81:43 / Allies) MmMmDixSandwich: cloud
(81:43 / Allies) TastyManCarpet: rape all this now imo
(81:48 / Allies) RichardCummings: gold for dis staff
(81:51 / Allies) RichardCummings: of human
(82:01 / Allies) RichardCummings: 50
(82:09 / Allies) TastyManCarpet: b
(82:14 / Allies) RichardCummings: 50 gold
(82:15 / Allies) ChiefSitsOnDix: lol at tp
(82:35 / Allies) TastyManCarpet: ok lets kill sum things maybe i dunno :)
(82:37 / Allies) ChiefSitsOnDix: good use of gold in this limited game
(82:41 / Allies) TastyManCarpet: lets just rape him
(82:42 / Allies) MmMmDixSandwich: blah
(82:43 / Allies) MmMmDixSandwich: come with me
(82:47 / Allies) TastyManCarpet: no
(82:47 / Allies) TastyManCarpet: all
(82:49 / Allies) TastyManCarpet: rape purple now
(82:52 / Allies) TastyManCarpet: i could n shackle
(82:53 / Allies) MmMmDixSandwich: ok
(83:32 / All) ChiefSitsOnDix: 2ez